 Dungeon Crawl Stone Soup version 0.28-a0-664-gc179e30c89 (webtiles) character file.

Game seed: 14553291136366079140

170 willcat the Sneak (level 5, -5/61 HPs)
             Began as a Human Delver on Oct 15, 2021.
             Slain by a gnoll (6 damage)
             ... on level 8 of the Dungeon.
             The game lasted 00:01:24 (537 turns).

willcat the Sneak (Human Delver)                     Turns: 537, Time: 00:01:24

Health: -5/61      AC:  4    Str: 14    XL:     5   Next: 80%
Magic:  5/5        EV: 12    Int: 10    God:
Gold:   32         SH:  0    Dex: 14    Spells: 4/4 levels left

rFire   . . .      SeeInvis .   a - +0 hand axe
rCold   . . .      Faith    .   (no shield)
rNeg    . . .      Spirit   .   b - +0 leather armour
rPois   .          Reflect  .   (no helmet)
rElec   .          Harm     .   i - +0 cloak
rCorr   .          Rampage  .   (no gloves)
Will    .....                   (no boots)
Stlth   ..........              (no amulet)
HPRegen 0.20/turn               (no ring)
MPRegen 0.09/turn               (no ring)

@: confused, berserking (expiring), very quick
A: no striking features
a: no special abilities


You were on level 8 of the Dungeon.
You visited 1 branch of the dungeon, and saw 2 of its levels.

You collected 32 gold pieces.

Inventory:

Hand Weapons
 a - a +0 hand axe (weapon)
Armour
 b - a +0 leather armour (worn)
 i - a +0 cloak (worn)
Wands
 g - a wand of digging (3)
Scrolls
 c - a scroll of fog
 d - a scroll of magic mapping
Potions
 j - a potion of curing


   Skills:
 - Level 3.0 Fighting
 + Level 3.5 Axes
 + Level 3.5 Dodging
 + Level 6.0 Stealth


You had 4 spell levels left.
You didn't know any spells.
Your spell library was empty.

Dungeon Overview and Level Annotations

Branches:
Dungeon (5/15)
 Temple: D:4-7

Altars:

Annotations:
D:5 1 transporter, willcat's ghost, weakling HuDe


Message History

A gnoll comes into view.
It is wielding a +0 spear. 2 gnolls and a gnoll sergeant come into view.
The gnoll shouts!
The gnoll sergeant shouts!
You hear a shout! x3
The gnoll shouts!
The centaur wields a +0 shortbow.
The centaur shoots an arrow.
The arrow hits you!
You see here 10 gold pieces.
The gnoll shouts!
The centaur unwields a +0 shortbow.
The centaur hits you.
* * * LOW HITPOINT WARNING * * *
The centaur kicks you but does no damage.
The centaur wields a +0 shortbow.
The centaur shoots an arrow.
The arrow hits you!
* * * LOW HITPOINT WARNING * * *
Unknown command.
As you read the scroll of fear, it crumbles to dust.
You assume a fearsome visage.
The centaur looks frightened!
The steam dragon looks frightened!
The steam dragon hisses angrily.
The gnoll sergeant looks frightened!
The gnoll looks frightened! x4
The orc shouts!
The orc wizard shouts!
The orc shouts!
As you read the scroll labelled SEAJONADEMOI, it crumbles to dust.
It is a scroll of identify.
h - a potion of berserk rage The orc wizard points at you and mumbles some strange words.
You are confused.
A red film seems to cover your vision as you go berserk!
You feel yourself moving faster!
You feel mighty!
You bump into the rock wall.
You feel a strong urge to attack something.
The gnoll hits you from afar with a +0 spear!
* * * LOW HITPOINT WARNING * * *
You bump into the rock wall.
The orc wizard closely misses you.
Unknown command.
You barely miss the orc wizard. You slash the orc!
You kill the orc!
The gnoll hits you from afar with a +0 spear.
You die...

.o.ooo...
#o########
#..o.oo..#
#.#####o####
#.# #....###
#.#
#...o..##
#.#
##......##
#.#
####....###
### #.#
###..o@###.#
#.#
##.).....#
##...g..#
###..o.#
####.# #.#
#.# #g#
#####o#


You could see an orc warrior, an orc wizard, a gnoll and an orc.

Vanquished Creatures
  A necrophage (D:5)
  A centaur (D:5)
  A hound skeleton (D:5)
  An orc (D:8)
4 creatures vanquished.

Notes
Turn   | Place    | Note
-------+----------+-------------------------------------------
     0 | D:5      | willcat the Human Delver began the quest for the Orb.
     0 | D:5      | Reached XP level 1. HP: 18/18 MP: 1/1
    19 | D:5      | Found a transporter.
    20 | D:5      | Noticed willcat's ghost (weakling HuDe)
    23 | D:5      | Noticed an ice beast
    24 | D:5      | Noticed an orc warrior
    26 | D:5      | Noticed a phantom
    86 | D:5      | Reached XP level 2. HP: 16/24 MP: 2/2
   190 | D:5      | Noticed a centaur
   203 | D:5      | Killed a centaur
   204 | D:5      | Reached XP level 3. HP: 18/29 MP: 3/3
   204 | D:5      | Reached XP level 4. HP: 21/35 MP: 4/4
   374 | D:5      | Noticed a scorpion
   376 | D:5      | Noticed a necrophage
   431 | D:5      | Killed a necrophage
   432 | D:5      | Reached skill level 6 in Stealth
   432 | D:5      | Reached XP level 5. HP: 25/41 MP: 5/5
   452 | D:5      | You fall into a shaft and drop 3 floors!
   452 | D:8      | Noticed a centaur
   453 | D:8      | Noticed a steam dragon
   486 | D:8      | Noticed an orc warrior
   535 | D:8      | HP: 1/61 [gnoll (8)]
   537 | D:8      | Slain by a gnoll

Illustrated notes

Levels and vault maps discovered:
D:5:      layout_loops_ring, gup_sewer_entry_pipe, gammafunk_ghost_arena,
          uniq_eustachio
D:8:      layout_basic, serial_curves, eino_curves_01, eino_curves_02,
          hangedman_decor_opposing

Skill      XL: |  1  2  3  4 |
---------------+-------------+-----
Axes           | 3 |  3.5
Dodging        | 3 |  3.5
Stealth        | 6 |  6.0
Fighting       | |  3.0

Action                   |  1- 3 |  4- 6 || total
-------------------------+-------+-------++-------
Melee: Hand axe          |    22 |    32 ||    54
  Use: Potion            |       |     3 ||     3
       Scroll            |       |     2 ||     2
Armor: Leather armour    |    13 |     5 ||    18
Dodge: Dodged            |    31 |    17 ||    48

Table legend: (Time is in decaauts)
 A = Elapsed time spent in this place.
 B = Non-inter-level travel time spent in this place.
 C = Inter-level travel time spent in this place.
 D = Time resting spent in this place.
 E = Time spent auto-exploring this place.
 F = Levels seen in this place.
 G = Mean time per level.
                   A        B        C        D        E       F      G
               +--------+--------+--------+--------+--------+-----+--------+
         Total |    525 |    525 |      0 |     46 |    273 |   2 |  262.5 |
       Dungeon |    525 |    525 |      0 |     46 |    273 |   2 |  262.5 |
               +--------+--------+--------+--------+--------+-----+--------+

Top non-repeatable levels by time:
     D:5: 442 daAuts
     D:8: 83 daAuts
